 Dungeon Crawl Stone Soup version 0.23.2-33-g5129a83184 (webtiles) character file.

Game seed: 10223353545316075292

235 Exodus22XD the Magician (level 5, -7/28 HPs)
             Began as a Deep Elf Wizard on July 1, 2019.
             Killed by divine providence
             ... invoked by an orc priest
              (13 damage)
             ... on level 4 of the Dungeon.
             The game lasted 00:15:39 (3338 turns).

Exodus22XD the Magician (Deep Elf Wizard)           Turns: 3338, Time: 00:15:40

Health: -7/28      AC:  3    Str:  4    XL:     5   Next: 76%
Magic:  8/13       EV: 13    Int: 24    God:
Gold:   175        SH:  0    Dex: 13    Spells: 4/12 levels left

rFire    . . .     SeeInvis .   k - +2 short sword (venom)
rCold    + . .     Gourm    .   (no shield)
rNeg     . . .     Faith    .   a - +0 robe
rPois    .         Spirit   .   m - +1 hat
rElec    .         Reflect  .   (no cloak)
rCorr    .         Harm     .   (no gloves)
MR       .....     Rnd*Tele +   (no boots)
Stlth    ++........             (no amulet)
HPRegen  0.09/turn              i - ring of teleportation (curse)
MPRegen  0.13/turn              b - ring of protection from cold

@: very slightly contaminated
A: no striking features
a: no special abilities


You were on level 4 of the Dungeon.
You were hungry.

You visited 1 branch of the dungeon, and saw 4 of its levels.
You also visited: Sewer.

You collected 175 gold pieces.

Inventory:

Hand Weapons
 k - a +2 short sword of venom (weapon)
Armour
 a - a +0 robe (worn)
 m - a +1 hat (worn)
Jewellery
 b - a ring of protection from cold (right hand)
 i - a cursed ring of teleportation (left hand)
Wands
 t - a wand of iceblast (5)
Scrolls
 c - 4 scrolls of teleportation
 e - 3 scrolls of enchant armour
 f - 4 scrolls of amnesia
 g - a scroll of random uselessness
 h - 3 scrolls of immolation
 l - a scroll of noise {unknown}
 n - 3 scrolls of remove curse
 o - a scroll of enchant weapon {unknown}
 u - 2 scrolls of blinking {unknown}
 v - 2 scrolls of fear {unknown}
 w - a scroll of magic mapping {unknown}
Potions
 j - 2 potions of might {unknown}
 p - a potion of berserk rage {unknown}
 q - 4 potions of curing {unknown}
 r - 2 potions of resistance {unknown}
 s - a potion of agility {unknown}
Comestibles
 d - 8 rations


   Skills:
 - Level 2.4 Dodging
 - Level 2.4 Stealth
 - Level 4.4 Spellcasting
 + Level 3.7 Conjurations
 - Level 3.7 Summonings
 - Level 1.1 Translocations
 - Level 3.1 Fire Magic
 - Level 0.8 Evocations


You had 4 spell levels left.
You knew the following spells:

 Your Spells              Type           Power        Failure   Level  Hunger
a - Magic Dart            Conj           ###.         1%          1    None
b - Call Imp              Summ           ###.....     3%          2    None
c - Blink                 Tloc           N/A          9%          2    None
d - Conjure Flame         Conj/Fire      ###.....     7%          3    ##.....

Your spell library contained the following spells:

 Spells                   Type           Power        Failure   Level  Hunger
 Slow                     Hex            #.......     14%         2    None
 Mephitic Cloud           Conj/Pois/Air  ##......     17%         3    ##.....


Dungeon Overview and Level Annotations

Branches:
Dungeon (4/15)
 Temple: D:4-7

Altars:
Ashenzari
Elyvilon
Hepliaklqana
Ru
Zin
The Shining One

Shops:
D:4 *

Annotations:
D:4 3 runed translucent doors


Message History

Lukewarm flames ripple over your body.
The orc wizard shouts!
Casting: Conjure Flame (safe; 7% risk of failure)
Confirm with . or Enter, or press ? or * to list all spells.
A beastly little devil appears in a puff of frigid air.
Your white imp says, "Let's sow mayhem!"
The orc warrior hits you with a +0 battleaxe.
The orc wizard casts a spell.
The orc wizard seems to speed up.
Your white imp completely misses the orc priest.
The orc wizard gestures wildly while chanting.
The orc wizard blinks!
The orc priest mumbles some strange prayers to Beogh against you.
Beogh smites you!
Ouch! That really hurt!
* * * LOW HITPOINT WARNING * * *
Your white imp closely misses the orc priest.
The orc priest calls down the wrath of Beogh upon you.
Beogh smites you!
You die...

...# #.##.# ####......##.........
...# #.##.# #.........###........
...# #.#..###.##.##..............
.[.###...........................
..........#..###.#####ยง....(.....
#.......###.####.##.....)........
#..###..#...# #..##.###...=......
#.........#####...o...o....####..
...####....#..[.@....5.....######
..## #.......##..............###
.## ###..##.#.................. .#
##.##....#########....... .#
###.............>.........
.#######........##########.......
.##.......#..##..### #......[
)##.......#..###...# #.......
.##########..# ###.# #.......


You could see an orc warrior, an orc priest and a friendly white imp.

Vanquished Creatures
  A howler monkey (D:4)
  A hound skeleton (D:4)
  A howler monkey skeleton (D:4)
  6 adders
  2 river rats (Sewer)
  3 worms
  5 dart slugs
  5 leopard geckos
  An orc (D:4)
  8 giant cockroaches
  10 goblins
  5 hobgoblins
  A quokka (D:2)
  5 ball pythons
  5 bats
  8 frilled lizards
  3 kobolds
  11 rats
81 creatures vanquished.

Vanquished Creatures (collateral kills)
  2 river rats (Sewer)
2 creatures vanquished.

Grand Total: 83 creatures vanquished

Notes
Turn   | Place    | Note
-------+----------+-------------------------------------------
     0 | D:1      | Exodus22XD the Deep Elf Wizard began the quest for the Orb.
     0 | D:1      | Reached XP level 1. HP: 10/10 MP: 7/7
   185 | D:1      | Reached XP level 2. HP: 12/15 MP: 6/9
   194 | D:1      | Learned a level 2 spell: Call Imp
   629 | D:2      | Reached XP level 3. HP: 8/19 MP: 0/10
   998 | D:2      | Found a white marble altar of Elyvilon.
  1065 | D:2      | Found a sacrificial altar of Ru.
  1238 | D:2      | Reached XP level 4. HP: 24/24 MP: 2/12
  1429 | D:2      | Found a glowing golden altar of the Shining One.
  1669 | D:3      | Found a glowing silver altar of Zin.
  1721 | D:3      | Found a hazy altar of Hepliaklqana.
  1941 | D:3      | Found a shattered altar of Ashenzari.
  2010 | D:4      | Noticed an orc warrior
  2068 | D:4      | Learned a level 2 spell: Blink
  2072 | D:4      | Learned a level 3 spell: Conjure Flame
  2097 | D:4      | Reached skill level 1 in Fire Magic
  2430 | D:4      | Reached XP level 5. HP: 28/28 MP: 7/13
  2581 | D:4      | Found a glowing drain.
  2602 | Sewer    | Entered a sewer
  3315 | D:4      | Found a runed translucent gate.
  3315 | D:4      | Found a runed translucent gate.
  3315 | D:4      | Found a runed translucent gate.
  3315 | D:4      | Found Xaowk's General Store.
  3338 | D:4      | Killed from afar by an orc priest

Skill      XL: |  1  2  3  4  5 |
---------------+----------------+-----
Conjurations   | 2 3 |  3.7
Summonings     | 2 3 |  3.7
Fire Magic     | 2 3 |  3.1
Dodging        | |  2.4
Stealth        | |  2.4
Spellcasting   | |  4.4
Translocations | |  1.1
Evocations     | |  0.8

Action                   |  1- 3 |  4- 6 || total
-------------------------+-------+-------++-------
Melee: Short sword       |     1 |     1 ||     2
 Cast: Magic Dart        |    87 |   117 ||   204
       Conjure Flame     |       |     1 ||     1
       Call Imp          |       |     6 ||     6
  Use: Scroll            |     4 |     2 ||     6
  Eat: Ration            |       |     1 ||     1
       Chunk             |       |     3 ||     3
Armor: Robe              |     2 |     4 ||     6
Dodge: Dodged            |    10 |    22 ||    32
